 Dungeon Crawl Stone Soup version 0.29.1 (webtiles) character file.

Game seed: 16752284480317885683

179 Tsarbomb the Fighter (level 5, -2/54 HPs)
             Began as a Gnoll Wanderer on Sept 12, 2022.
             Slain by a gnoll
             ... wielding a +2 halberd of protection
              (14 damage)
             ... on level 4 of the Dungeon.
             The game lasted 00:13:50 (4254 turns).

Tsarbomb the Fighter (Gnoll Wanderer)               Turns: 4254, Time: 00:13:51

Health: -2/54      AC:  5    Str: 13    XL:     5   Next: 59%
Magic:  7/9        EV: 11    Int: 12    God:
Gold:   102        SH:  0    Dex: 15    Spells: 9/10 levels left

rFire   . . .      SeeInvis .   z - +2 dagger "Semepsos" {flame, Drain rElec Dex+4}
rCold   + . .      Faith    .   (no shield)
rNeg    . . .      Spirit   .   x - +2 leather armour {rC+}
rPois   .          Reflect  .   (no helmet)
rElec   +          Harm     .   (no cloak)
rCorr   .          Rampage  .   (no gloves)
Will    .....                   (no boots)
Stlth   ++........              (no amulet)
HPRegen 0.18/turn               (no ring)
MPRegen 0.11/turn               (no ring)

@: no status effects
A: fangs 1, strong nose, distributed training
a: no special abilities


You were on level 4 of the Dungeon.
You visited 1 branch of the dungeon, and saw 4 of its levels.

You collected 102 gold pieces.

Inventory:

Hand Weapons
 a - a +0 club
 k - a +0 dagger
 u - a +0 sling
 z - the +2 dagger "Semepsos" (weapon) {flame, Drain rElec Dex+4}
   (You found it on level 3 of the Dungeon)

   It burns those it strikes, dealing additional fire damage.
   Dex:       It affects your dexterity (+4).
   rElec:     It insulates you from electricity.
   Drain:     It drains your maximum health when unequipped.
Missiles
 h - a throwing net
 p - 41 stones
 A - 6 javelins
 B - 4 poisoned darts
Armour
 c - a +0 scale mail
 e - a +0 robe
 i - a +0 chain mail
 x - a +2 leather armour of cold resistance (worn)
Jewellery
 o - an amulet of faith
Scrolls
 b - a scroll of blinking
 d - a scroll of butterflies
 g - 6 scrolls of identify {unknown}
 j - 2 scrolls of amnesia {unknown}
 n - 2 scrolls of brand weapon {unknown}
 r - a scroll of noise {unknown}
 s - a scroll of teleportation {unknown}
 y - a scroll of enchant weapon {unknown}
Potions
 f - 3 potions of might
 l - 2 potions of haste {unknown}
 m - a potion of cancellation {unknown}
 q - 2 potions of heal wounds {unknown}
 t - 5 potions of curing
 v - a potion of mutation {unknown}
 w - a potion of invisibility {unknown}
 C - a potion of brilliance {unknown}


   Skills:
 + Level 10.5 Fighting
 + Level 1.6 Short Blades
 + Level 1.6 Long Blades
 + Level 1.6 Axes
 + Level 1.6 Maces & Flails
 + Level 1.6 Polearms
 + Level 1.6 Staves
 + Level 1.6 Ranged Weapons
 + Level 1.6 Throwing
 + Level 1.6 Armour
 + Level 1.6 Dodging
 + Level 2.8 Stealth
 + Level 1.6 Shields
 + Level 4.8 Unarmed Combat
 + Level 3.2 Spellcasting
 + Level 1.3 Conjurations
 + Level 1.3 Hexes
 + Level 1.3 Summonings
 + Level 1.3 Necromancy
 + Level 1.3 Translocations
 + Level 1.3 Transmutations
 + Level 1.3 Fire Magic
 + Level 1.3 Ice Magic
 + Level 2.4 Air Magic
 + Level 1.3 Earth Magic
 + Level 1.3 Poison Magic
 + Level 1.8 Invocations
 + Level 1.6 Evocations


You had 9 spell levels left.
You knew the following spells:

 Your Spells              Type           Power      Damage    Failure   Level
a - Shock                 Conj/Air       24%        1d4       14%         1

Your spell library contained the following spells:

 Spells                   Type           Power      Damage    Failure   Level
 Sublimation of Blood     Necr           5%         N/A       26%         2
 Mephitic Cloud           Conj/Pois/Air  6%         N/A       41%         3
 Petrify                  Tmut/Erth      5%         N/A       87%         4
 Irradiate                Conj/Tmut      2%         3d12      99%         5


Dungeon Overview and Level Annotations

Branches:
Dungeon (4/15)
 Temple: D:4-7

Altars:
Ashenzari

Annotations:
D:1 exclusion: downstairs
D:4 exclusion: scorpion


Innate Abilities, Weirdness & Mutations

You have very sharp teeth.
Your uncanny sense of smell can sniff out nearby items.
Your experience applies equally to all skills.


Message History

Nothing appears to happen.
The gnoll hits you with a +0 halberd!
You hit the gnoll. You burn the gnoll. You bite the gnoll.
You kill the gnoll!
Things that are here:
a +0 halberd; 7 gold pieces; a gnoll corpse Your magical contamination has completely faded away.
You now have 102 gold pieces (gained 7).
Things that are here:
a +0 halberd; a gnoll corpse
Casting: Shock (safe; 14% risk of failure)
Confirm with . or Enter, or press ? or * to list all spells.
Aiming: Shock (safe; 14% risk of failure)
Press: ? - help, Shift-Dir - straight line You miscast Shock.
You are very lightly contaminated with residual magic.
Nothing appears to happen.
The gnoll shouts!
The gnoll hits you from afar with a +2 halberd of protection.
Casting: Shock (safe; 14% risk of failure)
Confirm with . or Enter, or press ? or * to list all spells.
Aiming: Shock (safe; 14% risk of failure)
Press: ? - help, Shift-Dir - straight line The zap hits the gnoll but does no damage. x2
The gnoll throws a throwing net.
The throwing net hits you.
You become entangled in the net!
You struggle against the net.
The gnoll closely misses you.
You struggle against the net.
The gnoll hits you from afar with a +2 halberd of protection!
You tear a large gash into the net.
The gnoll hits you from afar with a +2 halberd of protection!
You rip the net and break free!
The gnoll hits you from afar with a +2 halberd of protection!
* * * LOW HITPOINT WARNING * * *
The gnoll hits you with a +2 halberd of protection!
* * * LOW HITPOINT WARNING * * *
You hit the gnoll but do no damage. The gnoll barely misses you.
Your magical contamination has completely faded away.
It was a potion of curing.
You feel better.
The gnoll hits you with a +2 halberd of protection!
You die...

##....# #..#..# #.....
#...#### #..#....
###################......'
#....................#...#
#....................###.#
#)##.#.##@###.####......#.
#.##.#.##g###.####...#..#⌠
#.##.....................#
#.##.#.#.##.###.##........
#....#.................#..
#.##.#.#.#.##.#.##..##<###
#.##...#........##..##.#
##.##.#......#.#.......<.
#.....#.#......#.##.......


You could see a gnoll.

Vanquished Creatures
  A hound (D:4)
  Jessica (D:2)
  4 adders
  A gnoll (D:4)
  2 worms
  2 dart slugs
  5 orcs (D:3)
  9 ball pythons
  9 endoplasms
  8 goblins
  6 hobgoblins
  6 kobolds
  5 bats
  2 frilled lizards
  3 rats
64 creatures vanquished.

Notes
Turn   | Place    | Note
-------+----------+-------------------------------------------
     0 | D:1      | Reached skill level 10 in Fighting
     0 | D:1      | Tsarbomb the Gnoll Wanderer began the quest for the Orb.
     0 | D:1      | Tsarbomb set off with the following items: a +0 club, a
                  | scroll of blinking, a potion of lignification, a scroll of
                  | butterflies, a +0 robe, a potion of might; and the
                  | following spell memorised: Shock; and the following spells
                  | available to memorise: Mephitic Cloud.
     0 | D:1      | Reached XP level 1. HP: 29/29 MP: 4/4
   132 | D:1      | Reached XP level 2. HP: 12/36 MP: 2/5
   824 | D:1      | Found a faded altar of an unknown god.
  1446 | D:2      | Reached XP level 3. HP: 42/42 MP: 7/7
  1748 | D:2      | Noticed Jessica
  1755 | D:2      | Killed Jessica
  1756 | D:2      | Reached skill level 1 in Short Blades
  1756 | D:2      | Reached skill level 1 in Long Blades
  1756 | D:2      | Reached skill level 1 in Axes
  1756 | D:2      | Reached skill level 1 in Maces & Flails
  1756 | D:2      | Reached skill level 1 in Polearms
  1756 | D:2      | Reached skill level 1 in Staves
  1756 | D:2      | Reached skill level 1 in Ranged Weapons
  1756 | D:2      | Reached skill level 1 in Throwing
  1756 | D:2      | Reached skill level 1 in Armour
  1756 | D:2      | Reached skill level 1 in Dodging
  1756 | D:2      | Reached skill level 1 in Shields
  1756 | D:2      | Reached skill level 1 in Invocations
  1756 | D:2      | Reached skill level 1 in Evocations
  2039 | D:2      | Reached XP level 4. HP: 43/48 MP: 8/8
  2225 | D:2      | Reached skill level 1 in Conjurations
  2225 | D:2      | Reached skill level 1 in Hexes
  2225 | D:2      | Reached skill level 1 in Summonings
  2225 | D:2      | Reached skill level 1 in Necromancy
  2225 | D:2      | Reached skill level 1 in Translocations
  2225 | D:2      | Reached skill level 1 in Transmutations
  2225 | D:2      | Reached skill level 1 in Fire Magic
  2225 | D:2      | Reached skill level 1 in Ice Magic
  2225 | D:2      | Reached skill level 1 in Earth Magic
  2225 | D:2      | Reached skill level 1 in Poison Magic
  2970 | D:3      | Identified the +2 dagger "Semepsos" {flame, Drain rElec
                  | Dex+4}
  3134 | D:3      | Reached XP level 5. HP: 39/54 MP: 9/9
  4181 | D:4      | Found a broken altar of Ashenzari.
  4254 | D:4      | Slain by a gnoll

Illustrated notes

Levels and vault maps discovered:
D:1:      nzn_arrival_crosshair, layout_loops_corners,
          hellmonk_ecumenical_altar_leap_of_faith
D:2:      layout_loops_ring, uniq_jessica
D:3:      layout_loops_ring
D:4:      layout_gridville, evilmike_ruin_ashenzari, minmay_door_square,
          minmay_misc_feat_square, minmay_diced_spiral

Skill      XL: |  1  2  3  4 |
---------------+-------------+-----
Fighting       | | 10.5
Air Magic      | 2 |  2.4
Short Blades   | 1 |  1.6
Long Blades    | 1 |  1.6
Axes           | 1 |  1.6
Maces & Flails | 1 |  1.6
Polearms       | 1 |  1.6
Staves         | 1 |  1.6
Ranged Weapons | 1 |  1.6
Throwing       | 1 |  1.6
Armour         | 1 |  1.6
Dodging        | 1 |  1.6
Shields        | 1 |  1.6
Invocations    | 1 |  1.8
Evocations     | 1 |  1.6
Spellcasting   | 3 |  3.2
Conjurations   | 1 |  1.3
Hexes          | 1 |  1.3
Summonings     | 1 |  1.3
Necromancy     | 1 |  1.3
Translocations | 1 |  1.3
Transmutations | 1 |  1.3
Fire Magic     | 1 |  1.3
Ice Magic      | 1 |  1.3
Earth Magic    | 1 |  1.3
Poison Magic   | 1 |  1.3
Stealth        | |  2.8
Unarmed Combat | |  4.8

Action                   |  1- 3 |  4- 6 || total
-------------------------+-------+-------++-------
Melee: Club              |    17 |       ||    17
       Bite              |     9 |    17 ||    26
       Dagger            |    62 |   153 ||   215
       Unarmed           |    11 |       ||    11
       Punch             |     5 |    11 ||    16
 Fire: Sling             |       |    23 ||    23
 Cast: Shock             |     3 |     3 ||     6
  Use: Potion            |       |     2 ||     2
 Stab: Sleeping          |     5 |     1 ||     6
Armor: Robe              |    18 |     6 ||    24
       Leather armour    |       |    33 ||    33
       Skin              |       |    12 ||    12
       Scale mail        |       |     2 ||     2
Dodge: Dodged            |    38 |    73 ||   111
